 Dungeon Crawl Stone Soup version 0.18.1-50-g88ac8fd (webtiles) character file.

150 Grimoiregrey the Ducker (level 5, -2/78 HPs)
             Began as a Troll Fighter on Jan 18, 2018.
             Slain by a gnoll
             ... wielding a +0 spear
              (6 damage)
             ... on level 3 of the Dungeon.
             The game lasted 00:15:36 (1873 turns).

Grimoiregrey the Ducker (Troll Fighter)             Turns: 1873, Time: 00:15:37

Health: -2/78      AC:  6    Str: 29    XL:     5   Next: 10%
Magic:  4/4        EV:  8    Int:  4    God:
Gold:   121        SH:  9    Dex: 10    Spells: 0 memorised, 4 levels left

rFire  . . .     SeeInvis .     a - +0 long sword
rCold  . . .     Gourm    +     b - +0 robe
rNeg   . . .     Faith    .     c - +0 shield
rPois  .         Spirit   .     (helmet restricted)
rElec  .         Dismiss  .     p - +0 cloak
rCorr  .         Reflect  .     (gloves unavailable)
SustAt .         Harm     .     (boots unavailable)
MR     .....                    (no amulet)
Stlth  ..........               (no ring)
                                (no ring)

@: berserking, very quick, not resistant to hostile enchantments, extremely
unstealthy
A: unfitting armour, claws 3, fast metabolism 3, gourmand, regeneration 2,
shaggy fur 1, tough skin 2
a: no special abilities


You were on level 3 of the Dungeon.
You were very hungry.

You visited 1 branch of the dungeon, and saw 3 of its levels.

You collected 121 gold pieces.

Inventory:

Hand Weapons
 a - a +0 long sword (weapon)
Armour
 b - a +0 robe (worn)
 c - a +0 shield (worn)
 k - a +0 robe
 p - a +0 cloak (worn)
 t - a cursed +0 robe
Jewellery
 e - an uncursed amulet of rage
Wands
 n - a wand of digging (13/24)
Scrolls
 o - a scroll of noise
 r - a scroll of remove curse
 s - a scroll of identify
Potions
 d - a potion of might
 g - a potion of brilliance {unknown}
 i - a potion of agility
 m - a potion of flight {unknown}
 q - a potion of lignification {unknown}
Comestibles
 f - 2 bread rations
 h - 2 beef jerkies
 j - 5 fruits


   Skills:
 + Level 2.8 Fighting
 + Level 2.1 Long Blades
 + Level 3.4 Dodging
 + Level 0.2 Stealth
 + Level 3.3 Shields


You had 4 spell levels left.
You didn't know any spells.

Dungeon Overview and Level Annotations

Branches:
Dungeon (3/15)

Altars:
Qazlal


Innate Abilities, Weirdness & Mutations

You are too large for most types of armour.
You have claws for hands.
Your metabolism is lightning-fast.
You like to eat raw meat.
You heal very quickly.
You are covered in fur (AC +1).
You have very tough skin (AC +2).


Message History

You block the gnoll's attack. The gnoll hits you.
* * * LOW HITPOINT WARNING * * *
The gnoll hits you from afar with a spear.
* * * LOW HITPOINT WARNING * * *
The gnoll barely misses you.
Drink which item? (? for menu, Esc to quit)
It was a potion of berserk rage.
A red film seems to cover your vision as you go berserk!
You feel yourself moving faster!
You feel mighty! The gnoll barely misses you. You block the gnoll's attack.
The gnoll hits you but does no damage.
You slash the gnoll!
You kill the gnoll!
You block the gnoll's attack. x2
You block the gnoll's attack.
You barely miss the gnoll.
You are feeling very hungry.
You block the gnoll's attack.
You closely miss the gnoll. The gnoll hits you but does no damage.
The gnoll hits you from afar with a spear.
You die...

... ..... #....
..# #..###### %..
####....... .#.
#........# ...
#@.......# ...
#g.g.....+ ...
#.†......# ...
#........# +
#........# ..
#........####.#..
#.........≈...≈..
#######
#........^≈#..^^.
......#
#####....≈....§≈^


You could see 2 gnolls.

Vanquished Creatures
  An orc wizard (D:3)
  4 adders (D:2)
  A gnoll (D:3)
  An ooze (D:2)
  3 dart slugs
  4 giant geckos
  3 orcs (D:3)
  A ball python (D:3)
  6 bats
  2 giant cockroaches
  5 goblins
  7 hobgoblins (D:1)
  5 jackals (D:2)
  3 giant newts (D:1)
  5 kobolds
  9 rats
60 creatures vanquished.

Notes
Turn   | Place    | Note
--------------------------------------------------------------
     0 | D:1      | Grimoiregrey the Troll Fighter began the quest for the Orb.
     0 | D:1      | Reached XP level 1. HP: 22/22 MP: 0/0
   138 | D:1      | Reached XP level 2. HP: 25/29 MP: 1/1
   612 | D:2      | Reached XP level 3. HP: 36/36 MP: 2/2
   780 | D:2      | Reached XP level 4. HP: 27/44 MP: 3/3
  1808 | D:3      | Found a stormy altar of Qazlal.
  1830 | D:3      | Reached XP level 5. HP: 47/50 MP: 4/4
  1866 | D:3      | HP: 2/52 [gnoll (1)]
  1873 | D:3      | Slain by a gnoll

Skill      XL: |  1  2  3 |
---------------+----------+-----
Dodging        | 3 |  3.4
Shields        | 3 |  3.3
Long Blades    | 2 |  2.1
Fighting       | |  2.8
Stealth        | |  0.2

Action                   |  1- 3 |  4- 6 || total
-------------------------+-------+-------++-------
Melee: Long sword        |   130 |   107 ||   237
  Use: Scroll            |     6 |     3 ||     9
       Potion            |       |     2 ||     2
  Eat: Meat ration       |     1 |     1 ||     2
       Bread ration      |       |     1 ||     1
Armor: Robe              |    61 |    63 ||   124
Dodge: Dodged            |    82 |    53 ||   135
Block: Shield            |   100 |    89 ||   189
